 Dungeon Crawl Stone Soup version 0.31-a0-233-g139696dc86 (webtiles) character file.

Game seed: 10022738162072314142

133 qw the Shooter (level 5, 0/30 HPs)
             Began as a Gargoyle Hexslinger on July 9, 2023.
             Slain by a scorpion (4 damage)
             ... on level 4 of the Dungeon.
             The game lasted 00:01:01 (2169 turns).

qw the Shooter (Gargoyle Hexslinger)                Turns: 2169, Time: 00:01:02

Health: 0/30       AC:  7    Str: 11    XL:     5   Next: 16%
Magic:  6/6        EV: 11    Int: 17    God:
Gold:   97         SH:  0    Dex: 14    Spells: 5/6 levels left

rFire   . . .        Y - +1 sling
rCold   . . .        (no shield)
rNeg    + . .        g - +0 leather armour
rPois   inf          c - +0 hat "Zigaem" {Drain +Inv Int+3 SInv}
rElec   +            (no cloak)
rCorr   .            (no gloves)
SInv    +            (no boots)
Will    .....        (no amulet)
Stlth   +            (no ring)
HPRegen 0.25/turn    (no ring)
MPRegen 0.10/turn

%: no passive effects
@: no status effects
A: sickness immunity, AC +4, negative energy resistance 1, electricity
resistance, torment resistance 1, petrification resistance
a: Evoke Invisibility


You were on level 4 of the Dungeon.
You visited 1 branch of the dungeon, and saw 4 of its levels.

You collected 97 gold pieces.


Innate Abilities, Weirdness & Mutations

You are immune to sickness and miasma.
Your stone body is resilient. (AC +4)
You are immune to poison.
You resist negative energy. (rN+)
You are resistant to electric shocks. (rElec)
You are resistant to unholy torment.
You are immune to petrification.


   Skills:
 - Level 2.0 Fighting
 + Level 4.9 Ranged Weapons
 - Level 1.5 Dodging
 - Level 1.0 Spellcasting
 - Level 2.6 Hexes


You had 5 spell levels left.
You knew the following spells:

 Your Spells              Type           Power      Damage    Failure   Level
a - Slow                  Hex            36%        N/A       10%         1

Your spell library contained the following spells:

 Spells                   Type           Power      Damage    Failure   Level
 Inner Flame              Hex/Fire       5%         N/A       43%         3
 Portal Projectile        Hex/Tloc       10%        N/A       43%         3
 Cause Fear               Hex            4%         N/A       67%         4

Inventory:

Hand Weapons
 Y - a +1 sling (weapon)
Armour
 c - the +0 hat "Zigaem" (worn) {Drain +Inv Int+3 SInv}
   (You acquired it on level 3 of the Dungeon)

   Int:       It affects your intelligence (+3).
   SInv:      It lets you see invisible.
   +Inv:      It lets you turn invisible.
   Drain:     It drains your maximum health when unequipped.
 d - a +0 ring mail
 g - a +0 leather armour (worn)
Wands
 l - a wand of digging (4)
Scrolls
 a - 2 scrolls of identify
 h - a scroll of blinking {unknown}
 k - a scroll of torment {unknown}
Potions
 b - a potion of resistance
 e - a potion of degeneration {unknown}
 f - a potion of cancellation {unknown}
 i - a potion of might {unknown}
 j - a potion of curing

Dungeon Overview and Level Annotations

Branches:
Dungeon (4/15)
 Temple: D:4-7

Altars:
Cheibriados
Trog


Message History

The scorpion stings you. The jackal misses you.
You shoot a sling bullet.
The sling bullet hits the scorpion but does no damage.
The scorpion is heavily wounded.
The jackal bites you but does no damage. x2
The scorpion stings you but does no damage.
The jackal bites you but does no damage.
You shoot a sling bullet.
The sling bullet barely misses the scorpion.
The jackal bites you but does no damage.
The scorpion stings you. The jackal bites you.
The jackal completely misses you. The scorpion barely misses you.
The jackal bites you but does no damage.
You shoot a sling bullet.
The sling bullet closely misses the scorpion.
The jackal bites you but does no damage.
The jackal barely misses you. The scorpion closely misses you.
The jackal bites you.
You shoot a sling bullet.
The sling bullet closely misses the scorpion.
The jackal bites you but does no damage.
The scorpion closely misses you.
The jackal bites you but does no damage. x2
The scorpion misses you.
You shoot a sling bullet. The sling bullet hits the scorpion!
The scorpion is severely wounded.
The jackal barely misses you. The jackal bites you.
The jackal closely misses you. The scorpion barely misses you.
The jackal barely misses you.
You shoot a sling bullet. The sling bullet hits the scorpion.
The scorpion is almost dead.
The jackal closely misses you. The scorpion completely misses you.
The jackal closely misses you.
The jackal bites you but does no damage.
You shoot a sling bullet.
The sling bullet closely misses the scorpion.
The jackal barely misses you. The scorpion misses you.
The jackal bites you but does no damage.
The jackal barely misses you. The scorpion stings you.
You die...

.. .. # ##. ##.
.. #[.##.
#...#.### ...
#...%s.# ...
#...h@# ....
####..h.##....#
. #.
#........#....#
#.. .
...##........#
#. .. ##
#.....#...##
.#...
#.#...##...## ..
...
...###.##....#
.## .# # ....(
#........#...###
### ...###...
#..##....#.....#


You could see a scorpion and 2 jackals.

Vanquished Creatures
  A sleepcap (D:4)
  3 adders (D:2)
  3 dart slugs
  6 orcs
  5 endoplasms
  2 giant cockroaches
  8 goblins
  7 hobgoblins
  4 jackals
  6 kobolds (D:1)
  4 quokkas
  3 ball pythons
  6 bats
  2 frilled lizards
  6 rats
66 creatures vanquished.

Notes
Turn   | Place    | Note
-------+----------+-------------------------------------------
     0 | D:1      | qw the Gargoyle Hexslinger began the quest for the Orb.
     0 | D:1      | Reached XP level 1. HP: 12/12 MP: 2/2
     0 | D:1      | 0 ||| qw: Version: 0.3-a-51-g015441d
     0 | D:1      | 0 ||| qw: Game counter: 3904
     0 | D:1      | 0 ||| qw: Melee chars always use a shield: true
     0 | D:1      | 0 ||| qw: God list: Okawaru
     0 | D:1      | 0 ||| qw: Allow faded altars: false
     0 | D:1      | 0 ||| qw: Do Orc after clearing Dungeon:15 true
     0 | D:1      | 0 ||| qw: Do second Lair branch before Depths: true
     0 | D:1      | 0 ||| qw: Lair rune preference: random
     0 | D:1      | 0 ||| qw: Goals: Normal
     0 | D:1      | 0 ||| PLANNING D:1-11
    68 | D:1      | Reached XP level 2. HP: 9/16 MP: 3/3
   148 | D:1      | Reached skill level 3 in Ranged Weapons
   399 | D:1      | Reached XP level 3. HP: 21/21 MP: 4/4
   565 | D:1      | 565 ||| UPGRADING to +0 leather armour.
   575 | D:1      | 575 ||| DROPPING +0 robe.
   576 | D:1      | 576 ||| READING scroll labelled WAUWIU MOM FEN.
   579 | D:1      | 579 ||| READING scroll labelled ZIOFYBAHEO.
   580 | D:1      | 580 ||| READING scroll labelled JILANA IXTAPP.
   581 | D:1      | 581 ||| DROPPING scroll of poison.
  1044 | D:2      | Reached XP level 4. HP: 24/26 MP: 5/5
  1126 | D:2      | 1126 ||| DRINKING 2 emerald potions.
  1231 | D:2      | 1231 ||| READING 3 scrolls of identify.
  1231 | D:2      | 1231 ||| IDENTIFYING sedimented silvery potion
  1232 | D:2      | 1232 ||| READING 2 scrolls of identify.
  1232 | D:2      | 1232 ||| IDENTIFYING glowing emerald potion
  1233 | D:2      | 1233 ||| DROPPING potion of berserk rage.
  1234 | D:2      | 1234 ||| DROPPING potion of ambrosia.
  1261 | D:3      | Found a snail-covered altar of Cheibriados.
  1265 | D:3      | 1265 ||| FLEEEEING.
  1268 | D:3      | 1268 ||| STAIRDANCE
  1283 | D:3      | Reached skill level 4 in Ranged Weapons
  1673 | D:3      | Found a bloodstained altar of Trog.
  1753 | D:3      | 1753 ||| READING scroll labelled TUN TANELATS.
  1753 | D:3      | Identified a scroll of acquirement
  1753 | D:3      | 1753 ||| ACQUIRING +0 hat "Zigaem" {Drain +Inv Int+3 SInv}
  1753 | D:3      | Acquired the +0 hat "Zigaem" {Drain +Inv Int+3 SInv}
  1755 | D:3      | 1755 ||| UPGRADING to +0 hat "Zigaem" {Drain +Inv Int+3
                  | SInv}.
  1760 | D:3      | 1760 ||| READING scroll labelled YGUYFECZ XOCSE.
  1761 | D:3      | 1761 ||| DRINKING 2 fuming white potions.
  1860 | D:4      | HP: 6/26 [sleepcap (3)]
  1863 | D:4      | Reached XP level 5. HP: 7/30 MP: 6/6
  1982 | D:4      | HP: 5/30 [orc/+0 falchion (5)]
  2164 | D:4      | HP: 7/30 [scorpion (4)]
  2169 | D:4      | Slain by a scorpion

Levels and vault maps discovered:
D:1:      minmay_arrival_four_houses, layout_basic
D:2:      layout_rooms, minmay_misc_feat_ornament, columned_hall_lemuel
D:3:      layout_rooms, kennysheep_slug_shrine, trog_hazing_becter,
          item_on_display_a
D:4:      layout_cave_pools, nicolae_ashenzari_panopticon,
          minmay_temple_entry_mini_moons

Skill      XL: |  1  2  3  4 |
---------------+-------------+-----
Ranged Weapons | 3 4 |  4.9
Fighting       | 2 |  2.0
Dodging        | |  1.5
Spellcasting   | |  1.0
Hexes          | |  2.6

Action                     |  1- 3 |  4- 6 || total
---------------------------+-------+-------++-------
   Fire: Sling             |    94 |   163 ||   257
    Use: Scroll            |     3 |     4 ||     7
         Potion            |       |     2 ||     2
 Armour: Robe              |    14 |       ||    14
         Leather armour    |     4 |    61 ||    65
  Dodge: Dodged            |    24 |   108 ||   132

Table legend:
 A = Non-vault XP
 B = Vault XP
 C = Vault XP percentage of total XP
 D = Non-vault monster count
 E = Vault monster count
 F = Vault count percentage of total count
                 A         B        C        D         E       F
            +---------+---------+-------+---------+---------+-------
      Total |     176 |      15 |   7.9 |      59 |       7 |  10.6
            +---------+---------+-------+---------+---------+-------
        D:1 |      39 |       0 |   0.0 |      24 |       0 |   0.0
        D:2 |      50 |       0 |   0.0 |      10 |       0 |   0.0
        D:3 |      30 |      15 |  33.3 |      16 |       7 |  30.4
        D:4 |      57 |       0 |   0.0 |       9 |       0 |   0.0
            +---------+---------+-------+---------+---------+-------
